[Event "Titled Tuesday Blitz March 29 Early 2022"]
[White "Shuvalova, Polina"]
[Black "Vlassov, Nikolai"]
[WhiteFideId "24171760"]
[BlackFideId "4103360"]
[WhiteElo "2703"]
[BlackElo "2557"]
[Result "0-1"]
[Round "07"]
[TimeControl "180+1"]
[Date "2022.03.30"]
[WhiteClock "0:00:02"]
[BlackClock "0:00:13"]

1. d4 Nf6 2. Nf3 e6 3. Bf4 c5 4. e3 b6 5. Nbd2 Bb7 6. c3 Be7 7. h3 d6 8. Bd3 Nbd7 9. Bh2 h6 10. Qe2 Qc7 11. O-O g5 12. e4 g4 13. hxg4 Nxg4 14. Bg3 h5 15. Nh4 O-O-O 16. Rfe1 Rdg8 17. a4 Qd8 18. Ndf3 Nh6 19. a5 Rg4 20. axb6 Qxb6 21. Ba6 Rhg8 22. b4 cxd4 23. cxd4 Kb8 24. Bxb7 Qxb7 25. Ra5 Bxh4 26. Nxh4 Rxg3 27. fxg3 Ng4 28. Rea1 Nb6 29. Rxa7 Qxa7 30. Rxa7 Kxa7 31. Qa2+ Kb7 32. Kf1 Ra8 33. Qb1 Nc4 34. Ke2 Ra3 35. Qc1 d5 36. exd5 exd5 37. Nf5 Ra2+ 38. Ke1 Rxg2 39. Qg5 Rg1+ 40. Ke2 Rg2+ 41. Kd3 Nf2+ 42. Ke2 Ne4+ 43. Kf3 Rf2# 0-1


[Site "https://www.chess.com"]

[Event "Titled Tuesday Blitz March 29 Early 2022"]
[White "Shvedova, Alexandra"]
[Black "Bernat, David"]
[WhiteFideId "54154782"]
[BlackFideId "2099225"]
[WhiteElo "1912"]
[BlackElo "2311"]
[Result "1-0"]
[Round "07"]
[TimeControl "180+1"]
[Date "2022.03.30"]
[WhiteClock "0:02:49"]
[BlackClock "0:02:52"]

1. e4 c5 2. Ne2 g6 3. d4 cxd4 4. Nxd4 Nc6 5. c4 Nf6 6. Nc3 d6 7. f3 Nxd4 8. Qxd4 Bg7 9. Be3 O-O 10. Qd2 Be6 11. Rc1 Qa5 12. Nd5 Qxd2+ 13. Kxd2 Nxd5 14. cxd5 Bd7 15. Rc7 Rfd8 16. Rxb7 Bxb2 17. Rxb2 1-0


[Site "https://www.chess.com"]

[Event "Titled Tuesday Blitz March 29 Early 2022"]
[White "Skliarov, Viktor"]
[Black "Mikhnenko, Alexander"]
[WhiteFideId "14106736"]
[BlackFideId "34143014"]
[WhiteElo "2229"]
[BlackElo "2184"]
[Result "1-0"]
[Round "07"]
[TimeControl "180+1"]
[Date "2022.03.30"]
[WhiteClock "0:00:51"]
[BlackClock "0:00:31"]

1. e4 c5 2. Nf3 e6 3. c3 d5 4. e5 d4 5. Bb5+ Bd7 6. Bxd7+ Qxd7 7. d3 Nc6 8. O-O Nge7 9. c4 Ng6 10. Qe2 Qc7 11. Re1 Be7 12. g3 h6 13. h4 O-O-O 14. a3 Nf8 15. b4 cxb4 16. axb4 Bxb4 17. Bd2 Bxd2 18. Nbxd2 Nd7 19. Nb3 Ndb8 20. Qe4 Na6 21. Reb1 Rd7 22. Rxa6 bxa6 23. Nc5 Re7 24. Nxd4 Nb8 25. Qa8 Rd8 26. Nc6 1-0


[Site "https://www.chess.com"]

[Event "Titled Tuesday Blitz March 29 Early 2022"]
[White "Smietanska, Wiktoria"]
[Black "Sahil, Tickoo"]
[WhiteFideId "21869359"]
[BlackFideId "5019710"]
[WhiteElo "1893"]
[BlackElo "2099"]
[Result "0-1"]
[Round "07"]
[TimeControl "180+1"]
[Date "2022.03.30"]
[WhiteClock "0:00:19"]
[BlackClock "0:00:29"]

1. c4 e6 2. Nc3 d5 3. cxd5 exd5 4. d4 Nf6 5. Bg5 c6 6. e3 Nbd7 7. Bd3 Be7 8. Nge2 h6 9. Bh4 Nh5 10. Bxe7 Qxe7 11. O-O O-O 12. Qc2 Nb6 13. Rae1 Re8 14. Nc1 Be6 15. f3 Rad8 16. Qf2 Nf6 17. N1e2 a6 18. Ng3 c5 19. Nf5 Bxf5 20. Bxf5 cxd4 21. exd4 Qb4 22. Rxe8+ Rxe8 23. Rd1 Nc4 24. Rb1 Ne3 25. Bh3 Qxd4 26. Re1 Qd3 27. Qe2 Qxe2 28. Rxe2 d4 29. Na4 Nfd5 30. Nc5 Nf4 31. Kf2 Nd1+ 32. Kf1 Nxe2 0-1


[Site "https://www.chess.com"]

[Event "Titled Tuesday Blitz March 29 Early 2022"]
[White "Taboas Rodriguez, Daniel"]
[Black "Czerw, Dawid"]
[WhiteFideId "2208466"]
[BlackFideId "1145746"]
[WhiteElo "2429"]
[BlackElo "2125"]
[Result "0-1"]
[Round "07"]
[TimeControl "180+1"]
[Date "2022.03.30"]
[WhiteClock "0:00:30"]
[BlackClock "0:00:35"]

1. d4 Nf6 2. Nf3 c5 3. d5 b5 4. c4 Bb7 5. a4 b4 6. Bg5 d6 7. Nbd2 Nbd7 8. e4 g6 9. Bd3 Bg7 10. O-O O-O 11. Qc2 Qc7 12. Rae1 Rae8 13. h3 Kh8 14. Bf4 Ng8 15. Re2 e5 16. dxe6 fxe6 17. Bg3 e5 18. Rfe1 Ne7 19. Nf1 Nc6 20. Rd2 Rxf3 21. gxf3 Nd4 22. Qd1 Rf8 23. Be2 Nf6 24. Ne3 Nh5 25. Nd5 Bxd5 26. exd5 Qd7 27. Kg2 Bh6 28. Rd3 Qf5 29. Bf1 Bf4 30. h4 g5 31. Re4 gxh4 32. Bxh4 Rg8+ 33. Kh1 Qg6 34. Bh3 Nf5 35. Bxf5 Qg2# 0-1


[Site "https://www.chess.com"]

[Event "Titled Tuesday Blitz March 29 Early 2022"]
[White "Tanenbaum, Zachary"]
[Black "Omariev, Maksim"]
[WhiteFideId "2060850"]
[BlackFideId "4193423"]
[WhiteElo "2168"]
[BlackElo "2531"]
[Result "1-0"]
[Round "07"]
[TimeControl "180+1"]
[Date "2022.03.30"]
[WhiteClock "0:01:48"]
[BlackClock "0:00:01"]

1. e4 c5 2. Nf3 d6 3. d4 cxd4 4. Nxd4 Nf6 5. Nc3 a6 6. Be3 Ng4 7. Bc1 Nf6 8. f3 e6 9. Be3 b5 10. Qd2 Nbd7 11. O-O-O b4 12. Nce2 d5 13. g4 dxe4 14. g5 Nd5 15. Nf4 Nxf4 16. Bxf4 Bb7 17. Bc4 e5 18. Nf5 exf4 19. Qxf4 Qb8 20. Nxg7+ Kd8 21. Qxf7 Bc6 22. Ne6+ Kc8 23. Qe8+ Kb7 24. Rxd7+ Bxd7 25. Qxd7+ Kb6 26. Bd5 Qc8 27. Qf7 Ra7 28. Qf6 Bd6 29. Qd4+ Kb5 30. Qxa7 Re8 31. Nd4+ Ka5 32. Bb7 1-0


[Site "https://www.chess.com"]

[Event "Titled Tuesday Blitz March 29 Early 2022"]
[White "Terletsky, Oleg"]
[Black "Przybylski, Wojciech"]
[WhiteFideId "14116774"]
[BlackFideId "1117599"]
[WhiteElo "2064"]
[BlackElo "2133"]
[Result "1-0"]
[Round "07"]
[TimeControl "180+1"]
[Date "2022.03.30"]
[WhiteClock "0:00:28"]
[BlackClock "0:00:03"]

1. e4 e5 2. Nf3 Nc6 3. Nc3 Nf6 4. d4 exd4 5. Nxd4 Bb4 6. Nxc6 bxc6 7. Bd3 d5 8. exd5 O-O 9. O-O cxd5 10. Bg5 c6 11. Qf3 h6 12. Bxf6 Qxf6 13. Qxf6 gxf6 14. Ne2 Bd6 15. Ng3 Rb8 16. b3 Be5 17. Rad1 Re8 18. Nf5 h5 19. Rfe1 Be6 20. Ng3 h4 21. Nf5 h3 22. g3 c5 23. Ne3 Bc3 24. Re2 Rbd8 25. Bb5 Re7 26. Rd3 d4 27. Nd1 Ba5 28. Bc4 Rde8 29. Bb5 Rb8 30. a4 Kf8 31. Nb2 Bf5 32. Kf1 Rxe2 33. Kxe2 Rb7 34. Rf3 Bg4 35. Bc6 Re7+ 36. Kd3 Bxf3 37. Bxf3 Re1 38. Bg4 Rf1 39. Ke2 1-0


[Site "https://www.chess.com"]

[Event "Titled Tuesday Blitz March 29 Early 2022"]
[White "Thomas, Anysia"]
[Black "Jarocka, Liwia"]
[WhiteFideId "670472"]
[BlackFideId "21807558"]
[WhiteElo "2002"]
[BlackElo "1896"]
[Result "1-0"]
[Round "07"]
[TimeControl "180+1"]
[Date "2022.03.30"]
[WhiteClock "0:00:13"]
[BlackClock "0:00:23"]

1. d4 d6 2. Nf3 Nf6 3. c4 c5 4. d5 e6 5. Nc3 exd5 6. cxd5 g6 7. g3 Bg7 8. Bg2 O-O 9. O-O Bg4 10. Bf4 a6 11. a4 Re8 12. Rc1 Nh5 13. Bg5 Qc7 14. b4 Nd7 15. h3 Bxf3 16. Bxf3 Nhf6 17. Bf4 b6 18. a5 bxa5 19. bxc5 Nxc5 20. Na4 Nfd7 21. Qd2 Be5 22. Be3 Rac8 23. Bg4 f5 24. Bf3 Qa7 25. Qxa5 Qb7 26. Nxc5 dxc5 27. Rb1 Qc7 28. Qxa6 Qd6 29. Qxd6 Bxd6 30. Rb7 Ne5 31. Bg2 Nc4 32. Bh6 Rxe2 33. Rg7+ Kh8 34. Rd7 Bf8 35. Bg5 Bg7 36. Rc1 Ne5 37. Ra7 Nd3 38. Rb1 Re1+ 39. Rxe1 Nxe1 40. d6 1-0


[Site "https://www.chess.com"]

[Event "Titled Tuesday Blitz March 29 Early 2022"]
[White "Timofeev, Artyom"]
[Black "Vokhidov, Shamsiddin"]
[WhiteFideId "4140419"]
[BlackFideId "14204223"]
[WhiteElo "2594"]
[BlackElo "2611"]
[Result "1/2-1/2"]
[Round "07"]
[TimeControl "180+1"]
[Date "2022.03.29"]
[WhiteClock "0:00:20"]
[BlackClock "0:00:14"]

1. e4 c5 2. Nc3 Nc6 3. g3 Rb8 4. Nf3 g6 5. d4 cxd4 6. Nxd4 Bg7 7. Be3 Nf6 8. Bg2 O-O 9. O-O d6 10. h3 Bd7 11. Re1 a6 12. Qd2 Rc8 13. Nxc6 Bxc6 14. Bd4 e6 15. Rad1 Qe7 16. Be3 b5 17. a3 Qb7 18. Qxd6 Nxe4 19. Nxe4 Bxe4 20. Bxe4 Qxe4 21. c3 Qb7 22. Qb6 Rb8 23. Qxb7 Rxb7 24. Bd4 Rc8 25. h4 a5 26. Bxg7 Kxg7 27. Rd4 Rc4 28. Red1 Rxd4 29. Rxd4 Kf6 30. f4 e5 31. fxe5+ Kxe5 32. Kf2 f5 33. Ke3 h6 34. Rd8 g5 35. Re8+ Kd5 36. Kd3 gxh4 37. gxh4 Rg7 38. Rb8 Rg3+ 39. Kc2 Rg2+ 40. Kd3 Rxb2 41. a4 b4 42. Rb5+ Ke6 43. Rxa5 b3 44. Rb5 Ra2 45. Rxb3 Rxa4 46. c4 Ke5 47. h5 Kf4 48. c5 Kg4 49. c6 Ra8 50. Kd4 f4 51. Ke4 Rc8 52. Rb1 Rxc6 53. Rg1+ Kxh5 54. Kxf4 Rf6+ 55. Kg3 Rg6+ 56. Kh2 Rxg1 57. Kxg1 Kg4 58. Kh1 h5 59. Kg1 h4 60. Kh1 Kg3 61. Kg1 h3 62. Kh1 h2 1/2-1/2


[Site "https://www.chess.com"]

[Event "Titled Tuesday Blitz March 29 Early 2022"]
[White "Todorovic, Bojan"]
[Black "Ravi, Teja S."]
[WhiteFideId "917087"]
[BlackFideId "5017220"]
[WhiteElo "2266"]
[BlackElo "2412"]
[Result "0-1"]
[Round "07"]
[TimeControl "180+1"]
[Date "2022.03.30"]
[WhiteClock "0:00:28"]
[BlackClock "0:01:45"]

1. d4 Nf6 2. Bg5 d5 3. e3 Ne4 4. Bf4 c5 5. Bd3 cxd4 6. exd4 Nc6 7. c3 Bf5 8. Ne2 e6 9. O-O Be7 10. f3 Nd6 11. Bxd6 Qxd6 12. Bxf5 exf5 13. Qd3 g6 14. Nd2 O-O-O 15. b4 Kb8 16. Nb3 Rde8 17. b5 Nd8 18. Rab1 Ne6 19. Na5 Bd8 20. Nc6+ bxc6 21. bxc6+ Bb6 22. a4 Ka8 23. a5 Bc7 24. Qa6 Qxh2+ 25. Kf2 Qh4+ 26. g3 Bxg3+ 27. Nxg3 Qh2+ 28. Ke1 Nc5+ 0-1


[Site "https://www.chess.com"]

[Event "Titled Tuesday Blitz March 29 Early 2022"]
[White "Toncheva, Nadya"]
[Black "Fier, Alexandr"]
[WhiteFideId "2924056"]
[BlackFideId "2107139"]
[WhiteElo "1884"]
[BlackElo "2571"]
[Result "0-1"]
[Round "07"]
[TimeControl "180+1"]
[Date "2022.03.29"]
[WhiteClock "0:00:03"]
[BlackClock "0:01:13"]

1. e4 Nf6 2. e5 Nd5 3. d4 d6 4. c4 Nb6 5. exd6 cxd6 6. Nf3 g6 7. Nc3 Bg7 8. Be2 O-O 9. O-O Nc6 10. Be3 Bg4 11. b3 d5 12. c5 Nc8 13. h3 Bxf3 14. Bxf3 e6 15. Re1 N8e7 16. Qd2 Nf5 17. Ne2 Nh4 18. Bg4 h5 19. Bg5 Bf6 20. Bxh4 Bxh4 21. Bf3 Bf6 22. b4 Bg7 23. b5 Na5 24. Rad1 a6 25. Nc3 axb5 26. Nxb5 Nc6 27. Qf4 Ra4 28. Qe3 Rxa2 29. Nd6 b6 30. Nxf7 Rxf7 31. Qxe6 Nxd4 32. Qxd5 Nxf3+ 33. Qxf3 Rd2 34. Rxd2 Qxd2 35. Re8+ Bf8 36. Qg3 Qc1+ 37. Kh2 Qf4 38. Qxf4 Rxf4 39. cxb6 Rb4 40. Re6 Kg7 41. Rc6 Kh6 42. g3 h4 43. Kg2 Bg7 44. Rc7 Rxb6 45. gxh4 Rb4 46. f3 Rxh4 47. Rf7 Be5 48. Re7 Bd6 49. Re6 Rd4 50. h4 Kh5 51. Kh3 Rxh4+ 52. Kg2 Rh2+ 53. Kg1 Rd2 54. Kf1 g5 55. Kg1 Bf4 56. Kf1 Kh4 57. Ke1 Kg3 58. Re4 Rd3 59. Ke2 Rxf3 60. Re8 Re3+ 61. Rxe3+ Bxe3 62. Kxe3 g4 63. Ke2 Kh2 64. Kf1 g3 0-1


[Site "https://www.chess.com"]

[Event "Titled Tuesday Blitz March 29 Early 2022"]
[White "Tregubov, Pavel V."]
[Black "Costachi, Mihnea"]
[WhiteFideId "4115341"]
[BlackFideId "1217518"]
[WhiteElo "2341"]
[BlackElo "2464"]
[Result "1/2-1/2"]
[Round "07"]
[TimeControl "180+1"]
[Date "2022.03.29"]
[WhiteClock "0:00:26"]
[BlackClock "0:01:37"]

1. e4 e5 2. Nf3 Nc6 3. Bb5 a6 4. Ba4 d6 5. d4 b5 6. Bb3 Nxd4 7. Nxd4 exd4 8. c3 d3 9. Qxd3 Nf6 10. O-O Be7 11. a4 Bd7 12. Re1 O-O 13. Nd2 bxa4 14. Bxa4 Bxa4 15. Rxa4 Nd7 16. Ra1 Bg5 17. Nf3 Nc5 18. Qc2 Bxc1 19. Raxc1 Re8 20. b4 Ne6 21. Ra1 Qf6 22. Qd1 Nf4 23. Re3 Qg6 24. g3 Nh3+ 25. Kg2 Ng5 26. Nxg5 Qxg5 27. Qd3 a5 28. h4 Qh5 29. bxa5 Rxa5 30. Rxa5 Qxa5 31. Qc4 h6 32. Qc6 Re7 33. c4 Qe5 34. Qd5 Kh7 35. Re2 c5 36. Qxe5 Rxe5 37. f4 Re7 38. Kf3 Ra7 39. Rd2 Ra3+ 40. Kg4 Re3 41. Kf5 Rxg3 42. Rxd6 Rc3 43. Rd7 Kg8 44. Rd8+ Kh7 45. Rd7 Kg8 46. Rd8+ Kh7 47. Rd7 1/2-1/2


[Site "https://www.chess.com"]

[Event "Titled Tuesday Blitz March 29 Early 2022"]
[White "Tsydypov, Zhamsaran"]
[Black "Martinez Alcantara, Jose Eduardo"]
[WhiteFideId "4108566"]
[BlackFideId "3805662"]
[WhiteElo "2614"]
[BlackElo "2690"]
[Result "0-1"]
[Round "07"]
[TimeControl "180+1"]
[Date "2022.03.29"]
[WhiteClock "0:00:07"]
[BlackClock "0:00:07"]

1. e4 c5 2. Nf3 d6 3. d4 cxd4 4. Nxd4 Nf6 5. Nc3 Nc6 6. Bg5 e6 7. Qd2 a6 8. O-O-O Bd7 9. f4 Be7 10. Nf3 b5 11. e5 b4 12. exf6 bxc3 13. Qxc3 gxf6 14. Kb1 Rg8 15. Bh4 Rb8 16. Bd3 d5 17. Bxh7 Rh8 18. Ng5 d4 19. Rxd4 Nxd4 20. Qxd4 Qb6 21. Qc3 Qb4 22. Be1 Qxf4 23. Nh3 Qg4 24. Nf2 Qxg2 25. Be4 Qg5 26. Nd3 Qb5 27. Rg1 Rc8 28. Qd2 f5 29. Bf3 Bf6 30. Bg3 Bc6 31. Bxc6+ Qxc6 32. Rd1 Qb5 33. b3 Qd5 34. Qe2 Qe4 35. Qf1 a5 36. Ne1 Qc6 37. Qe2 Qc3 38. Qb5+ Kf8 39. Kc1 Bg5+ 40. Kb1 Bf6 41. Kc1 Kg7 42. Rd3 Qb2+ 43. Kd2 Rhd8 44. Ke2 Rxc2+ 45. Nxc2 Qxc2+ 46. Ke3 Bg5+ 0-1


[Site "https://www.chess.com"]

[Event "Titled Tuesday Blitz March 29 Early 2022"]
[White "Tymrakiewicz, Rafal"]
[Black "Jaferian, Koosha"]
[WhiteFideId "1108832"]
[BlackFideId "12507440"]
[WhiteElo "2205"]
[BlackElo "2030"]
[Result "0-1"]
[Round "07"]
[TimeControl "180+1"]
[Date "2022.03.30"]
[WhiteClock "0:00:09"]
[BlackClock "0:00:20"]

1. d4 Nf6 2. Bg5 d5 3. e3 e6 4. Nd2 Be7 5. Bd3 O-O 6. f4 c5 7. c3 Nc6 8. Ngf3 Nd7 9. Bxe7 Qxe7 10. O-O f5 11. Ne5 Nf6 12. Ndf3 Bd7 13. Nxc6 Bxc6 14. Ne5 Be8 15. a3 Rc8 16. b4 b6 17. Qe2 Bh5 18. Qd2 Rc7 19. Rfb1 Rfc8 20. Rb2 Nd7 21. Ba6 Nxe5 22. fxe5 Rf8 23. bxc5 bxc5 24. a4 Qg5 25. Rf1 c4 26. a5 Rcf7 27. Rb7 Rxb7 28. Bxb7 Rb8 29. a6 Qe7 30. Qb2 h6 31. Qb4 Qxb4 32. cxb4 Be8 33. Ra1 Bd7 34. Ra5 Bc8 35. Bc6 Rb6 36. b5 c3 37. Ra2 Bxa6 38. bxa6 Rxc6 39. Rc2 Kf7 40. Kf2 Ke7 41. Ke2 Kd7 42. Kd3 Kc7 43. Rxc3 Rxc3+ 44. Kxc3 Kb6 45. Kb4 g5 46. g3 g4 47. Ka4 Kxa6 48. Kb4 Kb6 49. Ka4 a5 50. Kb3 Kb5 51. Ka3 a4 52. Kb2 Kb4 53. Ka2 a3 54. Kb1 Kb3 55. Ka1 a2 56. h4 gxh3 57. e4 h2 0-1


[Site "https://www.chess.com"]

[Event "Titled Tuesday Blitz March 29 Early 2022"]
[White "Vovk, Orest"]
[Black "Moksh Amit Doshi"]
[WhiteFideId "14113490"]
[BlackFideId "25064967"]
[WhiteElo "2203"]
[BlackElo "2245"]
[Result "1/2-1/2"]
[Round "07"]
[TimeControl "180+1"]
[Date "2022.03.30"]
[WhiteClock "0:00:35"]
[BlackClock "0:00:51"]

1. h4 e5 2. h5 d5 3. h6 Nxh6 4. d4 e4 5. Bxh6 gxh6 6. e3 Rg8 7. c4 c6 8. Nc3 Be6 9. Qb3 Qb6 10. Rh5 Rg5 11. Rh4 Nd7 12. g3 O-O-O 13. Nge2 dxc4 14. Qxb6 Nxb6 15. Nxe4 Rb5 16. O-O-O Na4 17. N2c3 Nxc3 18. Nxc3 Ra5 19. e4 Bg7 20. e5 f6 21. f4 fxe5 22. dxe5 Rxd1+ 23. Kxd1 b5 24. Bh3 Bxh3 25. Rxh3 b4 26. Ne4 Rxa2 27. Nd6+ Kd7 28. Nxc4 Ke6 29. g4 Kd5 30. b3 Rg2 31. g5 Rg1+ 32. Ke2 hxg5 33. f5 Bxe5 34. Rd3+ Bd4 35. f6 Rg2+ 36. Ke1 Ke4 37. Rxd4+ Kxd4 38. f7 Rg1+ 39. Kf2 Rg4 40. f8=Q Rf4+ 41. Qxf4+ gxf4 42. Kf3 Kc3 43. Na5 c5 44. Kxf4 c4 45. bxc4 b3 46. Nxb3 Kxc4 47. Na5+ Kb5 48. Nb7 Kb6 49. Nd6 Kc6 50. Nc4 Kb5 51. Nd6+ Kc5 52. Nb7+ Kc6 53. Na5+ Kb5 54. Nb7 Kc6 55. Na5+ Kb5 1/2-1/2


[Site "https://www.chess.com"]

[Event "Titled Tuesday Blitz March 29 Early 2022"]
[White "Vusatiuk, Vladimir"]
[Black "Bachmann, Axel"]
[WhiteFideId "14118610"]
[BlackFideId "3700488"]
[WhiteElo "2157"]
[BlackElo "2587"]
[Result "1-0"]
[Round "07"]
[TimeControl "180+1"]
[Date "2022.03.30"]
[WhiteClock "0:00:09"]
[BlackClock "0:00:05"]

1. d4 Nf6 2. c4 g6 3. Nc3 Bg7 4. e4 d6 5. Nf3 O-O 6. Be2 Na6 7. O-O e5 8. Be3 Qe7 9. Re1 Nxe4 10. Nxe4 exd4 11. Bxd4 Qxe4 12. Bd3 Qg4 13. h3 Qh5 14. Bxg7 Kxg7 15. Re7 Be6 16. c5 Qxc5 17. Bxa6 bxa6 18. Rc1 Qd5 19. Qxd5 Bxd5 20. Rcxc7 Bxa2 21. Nd4 Rab8 22. Rxa7 Rb6 23. b3 Kf6 24. Reb7 Rxb7 25. Rxb7 a5 26. Rb6 Ke5 27. Nc6+ Kd5 28. Nxa5 Ra8 29. Nc4 Rd8 30. Ne3+ Ke6 31. Kf1 Rc8 32. Ke2 Rc3 33. b4 Bc4+ 34. Kd2 Rd3+ 35. Kc2 Rd4 36. Kc3 Re4 37. Nxc4 Re2 38. Rxd6+ Ke7 39. Rd2 Re1 40. Rb2 Rc1+ 41. Kd3 Rg1 42. g3 Rh1 43. h4 Rd1+ 44. Nd2 Rc1 45. b5 Kd6 46. b6 Rc8 47. b7 Rb8 48. Ke4 Kc7 49. Nc4 Re8+ 50. Kd5 Kb8 51. Nd6 Re7 52. Rc2 Ka7 53. Ra2+ Kb8 54. Ra8+ Kc7 55. b8=Q+ Kd7 56. Qc8# 1-0


[Site "https://www.chess.com"]

[Event "Titled Tuesday Blitz March 29 Early 2022"]
[White "Vysochin, Spartak"]
[Black "Mortazavi, Ali"]
[WhiteFideId "14103516"]
[BlackFideId "401323"]
[WhiteElo "2689"]
[BlackElo "2535"]
[Result "0-1"]
[Round "07"]
[TimeControl "180+1"]
[Date "2022.03.30"]
[WhiteClock "0:00:04"]
[BlackClock "0:00:03"]

1. e4 c6 2. d4 d5 3. e5 Bf5 4. Bd3 Bxd3 5. Qxd3 e6 6. Ne2 c5 7. c3 Nc6 8. O-O Qb6 9. dxc5 Bxc5 10. Qg3 g6 11. Nd2 Nge7 12. Nf3 Nf5 13. Qf4 h5 14. h3 Be7 15. Rb1 Qa6 16. Ned4 Ncxd4 17. Nxd4 Qd3 18. Nxf5 gxf5 19. Be3 Rg8 20. Qa4+ b5 21. Qa6 Rd8 22. Rbe1 f4 23. Qc6+ Rd7 24. Bxf4 Qxh3 25. Bg3 Qg4 26. Qc8+ Bd8 27. Rd1 Rc7 28. Qb8 Rc4 29. Qxb5+ Kf8 30. Rd4 Rxd4 31. cxd4 h4 32. Qd7 Kg7 33. Qxa7 hxg3 34. fxg3 Qg6 35. Qd7 Bg5 36. Rf3 Qb1+ 37. Kf2 Qxb2+ 38. Kg1 Qxd4+ 39. Kf1 Qd1+ 40. Kf2 Qd4+ 41. Kf1 Qa1+ 42. Kf2 Qxa2+ 43. Kf1 Qb1+ 44. Kf2 Qc2+ 45. Kf1 Qg6 46. g4 Ra8 47. g3 Ra2 48. Rf2 Qb1+ 49. Kg2 Qe4+ 50. Kh3 Qh7+ 51. Kg2 Rxf2+ 52. Kxf2 Qe4 53. Kg1 Qxe5 54. Kh2 Bh4 0-1


[Site "https://www.chess.com"]

[Event "Titled Tuesday Blitz March 29 Early 2022"]
[White "Weetik, Vjacheslav"]
[Black "Hua, Lefong"]
[WhiteFideId "4153472"]
[BlackFideId "2602253"]
[WhiteElo "2469"]
[BlackElo "2596"]
[Result "0-1"]
[Round "07"]
[TimeControl "180+1"]
[Date "2022.03.29"]
[WhiteClock "0:00:11"]
[BlackClock "0:00:23"]

1. d4 Nf6 2. c4 g6 3. Nc3 Bg7 4. e4 d6 5. Nf3 O-O 6. Be2 Bg4 7. O-O Nfd7 8. d5 c5 9. Ng5 Bxe2 10. Qxe2 h6 11. Nh3 e6 12. dxe6 fxe6 13. Nf4 Rf6 14. Nb5 Ne5 15. Rd1 Bf8 16. Nd3 Nxd3 17. Rxd3 e5 18. Be3 Qb6 19. Nc3 Rf7 20. Nd5 Qd8 21. Qg4 Kh7 22. h4 h5 23. Qg3 Bh6 24. Bg5 Bxg5 25. hxg5 Nc6 26. Nf6+ Kg7 27. f4 exf4 28. Qxf4 Nd4 29. Rxd4 cxd4 30. Rf1 Qe7 31. c5 dxc5 32. e5 Qe6 33. b4 b6 34. Qe4 Rd8 35. bxc5 bxc5 36. Rd1 d3 37. Rxd3 Rxd3 38. Qxd3 Qxe5 39. Qd8 Qd4+ 40. Qxd4 cxd4 41. Kf2 Rxf6+ 0-1


[Site "https://www.chess.com"]

[Event "Titled Tuesday Blitz March 29 Early 2022"]
[White "Xu, Yi"]
[Black "Sarana, Alexey"]
[WhiteFideId "8605564"]
[BlackFideId "24133795"]
[WhiteElo "2471"]
[BlackElo "2666"]
[Result "0-1"]
[Round "07"]
[TimeControl "180+1"]
[Date "2022.03.29"]
[WhiteClock "0:00:16"]
[BlackClock "0:00:23"]

1. e4 c5 2. Nf3 d6 3. d4 cxd4 4. Nxd4 Nf6 5. Nc3 a6 6. f3 e5 7. Nb3 Be6 8. Be3 Nbd7 9. Qd2 b5 10. g4 b4 11. Ne2 d5 12. g5 d4 13. Bxd4 exd4 14. gxf6 Qxf6 15. Nexd4 Bxb3 16. axb3 Bd6 17. Nf5 Be5 18. Bb5 O-O 19. Qxd7 Bxb2 20. Rxa6 Rxa6 21. Bxa6 Qxa6 22. Kf2 g6 23. Ne7+ Kg7 24. Nd5 Rc8 25. Ne3 Bf6 26. Rg1 Bh4+ 27. Kg2 Qe2+ 28. Kh3 Qxe3 29. Qxc8 Qxg1 30. Kxh4 Qxh2+ 31. Kg4 h5+ 32. Kg5 f6# 0-1


[Site "https://www.chess.com"]

[Event "Titled Tuesday Blitz March 29 Early 2022"]
[White "Yoo, Christopher Woojin"]
[Black "Ferreira, Vitor Hugo Vieira"]
[WhiteFideId "30909694"]
[BlackFideId "2119765"]
[WhiteElo "2105"]
[BlackElo "2165"]
[Result "1-0"]
[Round "07"]
[TimeControl "180+1"]
[Date "2022.03.29"]
[WhiteClock "0:01:58"]
[BlackClock "0:01:21"]

1. e4 c5 2. Nf3 d6 3. d4 cxd4 4. Nxd4 Nf6 5. Nc3 a6 6. h4 h5 7. Bg5 Nbd7 8. Qe2 b5 9. O-O-O Bb7 10. f4 b4 11. Nd5 Bxd5 12. exd5 Qa5 13. Nf5 Qxa2 14. Nxd6+ Kd8 15. Nxf7+ Kc8 16. Nxh8 Qa1+ 17. Kd2 Qxb2 18. Rh3 Nc5 19. Qc4 Ne4+ 20. Ke1 g6 21. Nxg6 Bg7 22. Ne5 Bxe5 23. fxe5 Qxe5 24. Re3 Qf5 25. Rxe4 Qxe4+ 26. Qxe4 Nxe4 27. Bxe7 a5 28. d6 Kd7 29. Bb5+ Ke6 30. Bc6 1-0


[Site "https://www.chess.com"]

[Event "Titled Tuesday Blitz March 29 Early 2022"]
[White "Zakhartsov, Vladimir"]
[Black "Goryachkina, Aleksandra"]
[WhiteFideId "4145097"]
[BlackFideId "4147103"]
[WhiteElo "2433"]
[BlackElo "2426"]
[Result "0-1"]
[Round "07"]
[TimeControl "180+1"]
[Date "2022.03.29"]
[WhiteClock "0:00:13"]
[BlackClock "0:00:05"]

1. d4 Nf6 2. c4 e6 3. Nf3 d5 4. g3 Be7 5. Bg2 O-O 6. O-O dxc4 7. Qc2 a6 8. a4 Bd7 9. Qxc4 Bc6 10. Nc3 b5 11. Qd3 b4 12. Nb1 Be4 13. Qb3 Nbd7 14. Nbd2 Bd5 15. Qc2 c5 16. e4 Bb7 17. e5 Nd5 18. Nb3 Rc8 19. dxc5 Nxc5 20. Nxc5 Rxc5 21. Qe2 h6 22. Rd1 Qc7 23. Nd4 Rc8 24. Bd2 Bf8 25. Be4 Rc4 26. Be1 Qb6 27. a5 Qc5 28. Qd3 Qc7 29. Qe2 Kh8 30. Bb1 g6 31. Nf3 Bg7 32. Bd3 Rc5 33. Be4 Ne7 34. Bxb4 Bxe4 35. Qxe4 Rc4 36. Qe1 Nd5 37. Bd6 Qb7 38. Nd2 Rc2 39. b3 Nc3 40. Qe3 Nxd1 41. Rxd1 Rc1 42. Rf1 Rxf1+ 43. Nxf1 Qd5 44. h4 Rc2 45. b4 Qb5 46. Qe1 Qe2 47. Qxe2 Rxe2 48. Ne3 Rb2 49. Nc4 Rb1+ 50. Kg2 Kg8 51. Bc5 Bf8 52. Bd6 Bxd6 53. exd6 Kf8 54. Ne5 Rxb4 55. d7 Rd4 56. f4 Rd2+ 57. Kf3 Ke7 58. Ke3 Rd5 59. Nc6+ Kxd7 60. Nb8+ Kc7 61. Nxa6+ Kb7 62. Nb4 Rxa5 63. Nd3 Ra3 64. Ke4 Kc7 65. Ne5 f5+ 66. Kd4 Rxg3 67. Nf7 Kd7 68. Nxh6 Ke7 69. Ng8+ Kf7 70. Nh6+ Kg7 71. h5 Kxh6 72. hxg6 Kxg6 73. Ke5 Kf7 74. Kd6 Rf3 75. Ke5 Rf2 76. Kd4 Rxf4+ 77. Ke3 Re4+ 0-1


[Site "https://www.chess.com"]

[Event "Titled Tuesday Blitz March 29 Early 2022"]
[White "Zemlyanskii, Ivan"]
[Black "Buscar, Michael"]
[WhiteFideId "24249971"]
[BlackFideId "2603616"]
[WhiteElo "1759"]
[BlackElo "2010"]
[Result "0-1"]
[Round "07"]
[TimeControl "180+1"]
[Date "2022.03.30"]
[WhiteClock "0:00:22"]
[BlackClock "0:00:32"]

1. d4 d5 2. c4 e6 3. Nf3 Nf6 4. e3 Be7 5. b3 O-O 6. Bd3 c5 7. O-O Nc6 8. Bb2 cxd4 9. exd4 dxc4 10. bxc4 b6 11. Nc3 Bb7 12. Re1 Rc8 13. d5 Nb4 14. Bb1 exd5 15. a3 d4 16. Nxd4 Rxc4 17. Nf5 Nbd5 18. Nxd5 Nxd5 19. Bxg7 Bf6 20. Bxf8 Bxa1 21. Ba2 Qg5 22. Bxc4 Ne3 23. Ne7+ Kxf8 24. Qd8+ Kg7 25. Qg8+ Kf6 26. Qxf7+ Ke5 27. Rxe3+ Kd4 28. Nf5+ Kc5 29. Qd5+ Bxd5 30. Bxd5 Kxd5 31. Ne7+ Kc5 32. h4 Qxh4 33. Nf5 Qg4 34. Nh6 Qd1+ 35. Kh2 Qh5+ 36. Rh3 Be5+ 37. g3 Qf3 38. Kg1 Qxa3 39. Rh5 Qa1+ 40. Kg2 Kb4 41. Ng4 Bd4 42. Rxh7 a5 43. Rh4 Kb3 44. Rh1 Qb2 45. Rd1 a4 46. Kh3 a3 47. f4 a2 48. f5 a1=Q 49. Rxa1 Qxa1 50. Kh4 Ka4 51. Kg5 b5 52. Kg6 b4 53. Nh6 b3 54. g4 b2 55. g5 b1=Q 56. Kf7 Be3 57. Kg6 Qc1 58. Nf7 Bxg5 59. Nxg5 Qe5 60. Nf7 Qc6+ 61. Kg5 Qef6+ 62. Kg4 Qxf7 63. Kf4 Qcf6 64. Kg3 Qxf5 65. Kh4 Q7h5+ 66. Kg3 Qff3# 0-1


[Site "https://www.chess.com"]